 Dungeon Crawl Stone Soup version 0.32-a0-43-g058985b245 (webtiles) character file.

Game seed: 6586698652296562103

44121 cforsyth the Warrior (level 14, 0/65 (119) HPs)
             Began as a Djinni Warper on Feb 3, 2024.
             Slain by an efreet
             ... wielding a +3 scimitar of flaming
              (18 damage)
             ... in a volcano on Feb 4, 2024.
             The game lasted 01:02:55 (27390 turns).

cforsyth the Warrior (Djinni Warper)               Turns: 27390, Time: 01:02:55

HP:   0/65 (119)    AC: 10    Str: 10    XL:     14   Next: 64%
Gold: 386           EV: 12    Int: 20    God:
                    SH:  5    Dex: 13

rFire   + + .        A - +6 demon trident
rCold   x . .        (no shield)
rNeg    . . .        X - +5 robe of Night {Dark Will+ SInv}
rPois   ∞            t - +2 hat {Will+}
rElec   .            y - +0 cloak
rCorr   .            (no gloves)
SInv    +            (boots unavailable)
Will    +++..        g - amulet of reflection
Stlth   +            P - +4 ring of slaying
HPRegen 0.30/turn    G - +4 ring of slaying
MPRegen 0.00/turn

%: reflection, infuse magic (-1 HP)
@: freezing walls, flying, very heavily drained
A: sickness immunity, fire resistance 2, cold vulnerability 1, float, innate
caster, HP casting, extra vitality 1
a: no special abilities


You were in a volcano.
You visited 2 branches of the dungeon, and saw 17 of its levels.
You also visited: Sewer, Bailey and Volcano.

You collected 2370 gold pieces.
You spent 1984 gold pieces at shops.

Inventory:

Hand Weapons
 a - a +1 falchion
 A - a +6 demon trident (weapon)
Missiles
 d - 3 darts of dispersal
 f - 15 poisoned darts
Armour
 t - a +2 hat of willpower (worn)
 y - a +0 cloak (worn)
 Q - the +8 orange crystal plate armour {Archmagi, Int+3 Clar}
   (You found it in a bailey)

   Int+3:     It affects your intelligence (+3).
   Clar:      It protects you from confusion, rage, mesmerisation and fear.
 X - the +5 robe of Night (worn) {Dark Will+ SInv}
   (You bought it in a shop on level 9 of the Dungeon)

   Dark:      It shrouds the wearer in darkness, reducing the range at which
   they can see and be seen by others.
   Will+:     It increases your willpower.
   SInv:      It lets you see invisible.
 Y - a +0 pair of gloves of infusion
Magical Staves
 n - a staff of cold
Jewellery
 e - a ring of resist corrosion
 g - an amulet of reflection (around neck)
 l - a ring of wizardry
 z - a ring of positive energy
 F - a ring of positive energy
 G - a +4 ring of slaying (right hand)
 M - a ring of protection from cold
 N - a ring of protection from fire
 P - a +4 ring of slaying (left hand)
 V - a +6 ring of dexterity
 W - a +6 ring of intelligence
 Z - a +6 ring of dexterity
Wands
 b - a wand of light (4)
 j - a wand of charming (10)
 H - a wand of roots (10)
 I - a wand of mindburst (9)
 U - a wand of digging (2)
Scrolls
 c - 4 scrolls of blinking
 h - 6 scrolls of teleportation
 m - a scroll of fog
 p - a scroll of enchant weapon
 r - 5 scrolls of noise {unknown}
 x - a scroll of poison
 C - a scroll of torment
 D - a scroll of vulnerability
 J - 2 scrolls of amnesia {unknown}
 L - a scroll of silence
 R - a scroll of fear
 S - 2 scrolls of enchant armour
 T - a scroll of revelation
Potions
 i - 2 potions of cancellation
 k - 3 potions of attraction
 o - 2 potions of brilliance
 q - 2 potions of resistance
 u - 3 potions of might
 v - 3 potions of haste
 w - a potion of heal wounds
 B - a potion of mutation
 E - 2 potions of curing
 K - 3 potions of ambrosia
 O - 7 potions of enlightenment
Miscellaneous
 s - a condenser vane


   Skills:
 + Level 17.5 Fighting
 - Level 1.7 Long Blades
 - Level 0.7 Throwing
 - Level 1.0 Armour
 - Level 2.1 Dodging
 + Level 13.6 Spellcasting
 + Level 13.6 Conjurations
 + Level 13.6 Hexes
 + Level 13.6 Summonings
 + Level 13.6 Necromancy
 + Level 13.6 Translocations
 + Level 13.6 Fire Magic
 + Level 13.6 Ice Magic
 + Level 13.6 Air Magic
 + Level 13.6 Earth Magic
 + Level 13.6 Alchemy


You knew the following spells:

 Your Spells              Type           Power      Damage    Failure   Level
a - Blink                 Tloc           100%       N/A       1%          2
b - Lesser Beckoning      Tloc           100%       N/A       1%          2
c - Teleport Other        Tloc           62%        N/A       1%          3
d - Manifold Assault      Tloc           62%        N/A       1%          4
e - Vhi's Electric Charg  Tloc/Air       100%       N/A       1%          4
f - Kiss of Death         Conj/Necr      100%       2d13      1%          1
g - Call Imp              Summ           100%       N/A       1%          2
h - Frozen Ramparts       Ice            100%       1d16      1%          3
i - Ozocubu's Armour      Ice            62%        N/A       1%          3
j - Passage of Golubria   Tloc           62%        N/A       1%          4
k - Freezing Cloud        Conj/Ice/Air   31%        6-21      1%          5
Your spell library was empty.

Dungeon Overview and Level Annotations

Branches:
Dungeon (12/15)            Temple (0/1) D:6            Lair (5/5) D:10
 Shoals (0/4) Lair:2        Snake (0/4) Lair:3        Slime (0/5) Lair:4
    Orc (0/2) D:9           Sewer (visited)          Bailey (visited)
Volcano (1/1)

Altars:
Dithmenos
Elyvilon
Fedhas
Gozag
Hepliaklqana
Nemelex Xobeh
Okawaru
Qazlal
Trog
Uskayaw
Wu Jian

Shops:
D:3 =   D:9 *

Portals:
Trove: D:10 (show abyssal rune of Zot)

Annotations:
D:7 pokeman's ghost, novice DEHW
D:12 Josephine


Innate Abilities, Weirdness & Mutations

You are immune to sickness and miasma.
You are immune to poison.
Your flesh is very heat resistant. (rF++)
You are vulnerable to cold. (rC-)
You float through the air rather than walking.
You learn spells naturally, not from books.
Your magical power is your life essence.
You have superior vitality. (+4 MHP)


Message History

r - Retreat! s - Stop attacking. g - Guard the area. f - Follow me.
Anything else - Cancel.
Gang up on whom?
Press: ? - help, Dir - move target, f - efreet, p - efreet
Aim: an efreet, wielding a +0 scimitar of flaming (flame, lightly wounded, ally target) Attack!
The efreet is frozen!
The wall freezes the efreet!
The efreet gestures at you.
The fireball explodes!
The fireball engulfs your efreet but does no damage.
The fireball engulfs the efreet.
The efreet completely resists.
The fireball engulfs you! You resist.
Your efreet barely misses the efreet.
You hear a roar! x2
Your efreet hits the efreet with a +3 scimitar of flaming.
The efreet is frozen!
The wall freezes the efreet!
The efreet gestures at you. The bolt of fire hits your efreet.
Your efreet completely resists.
The bolt of fire misses you.
The wall freezes the efreet but does no damage.
The efreet gestures at you. The bolt of fire hits your efreet.
Your efreet completely resists.
The bolt of fire misses you.
Your efreet hits the efreet with a +3 scimitar of flaming.
Your efreet hits the efreet with a +3 scimitar of flaming!!
The efreet dies!
A fire elemental comes into view.
You hit your efreet.
The efreet is no longer charmed.
The efreet is heavily wounded.
The fire elemental is frozen!
The wall freezes the fire elemental!
The efreet is frozen!
The wall freezes the efreet!
The efreet gestures at you.
The fireball explodes!
The fireball engulfs you! You resist.
* * * LOW HITPOINT WARNING * * *
The fireball engulfs the efreet.
The efreet completely resists.
The fire elemental is frozen!
The wall freezes the fire elemental.
The wall freezes the efreet but does no damage.
The efreet hits you with a +3 scimitar of flaming!!
You die...

### ##.### ##...☼##
#....≈≈# +..∩..≈#
########...≈≈# ###
####≈☼☼≈≈##...≈≈#
≈≈≈≈##ER≈≈≈≈☼≈#....≈≈#
≈≈≈≈≈☼##@.≈≈≈.').∩..≈#
≈☼R≈..###..≈..#....≈≈#
≈○≈R.## #.☼...##...≈##
.○≈○○ ##.☼#####.###
☼○○○# ##☼# #.# ○...
### ###


You could see an efreet and a fire elemental.

Vanquished Creatures
  Gastronok (Lair:1)
  Nessos (Lair:5)
  Harold (D:10)
  2 hydras
  A catoblepas (Lair:2)
  3 boulder beetles
  Erica (D:8)
  3 two-headed ogres
  Urug (Lair:1)
  Sonja (Lair:3)
  Amaemon (D:8)
  A skyshark (Lair:4)
  An orc knight (Bailey)
  An oklob plant (Lair:4)
  3 black mambas (Lair:3)
  27 elephants
  A water nymph (Lair:2)
  An orange demon (D:8)
  6 cane toads
  Maggie (D:8)
  A kobold demonologist (D:10)
  4 komodo dragons
  A rime drake (Lair:5)
  An efreet (Volcano)
  A polar bear (Lair:4)
  2 trolls
  4 blink frogs (Lair:2)
  Sigmund (D:3)
  49 yaks
  2 fire elementals (Volcano)
  A wraith (D:7)
  2 humans (D:10)
  A wyvern (Lair:1)
  2 steam dragons
  2 wargs
  An acid dragon (D:9)
  17 water moccasins
  14 orc warriors
  A black bear (D:7)
  3 ogres
  5 centaurs
  15 wolves
  A kobold brigand (D:9)
  10 bullfrogs
  3 scorpions
  A gnoll sergeant (D:7)
  13 killer bees
  6 howler monkeys
  A bombardier beetle (D:6)
  3 hounds
  6 jellies
  2 orc priests (D:10)
  A gnoll bouda (D:5)
  A sleepcap (D:5)
  Terence (D:3)
  9 orc wizards
  11 adders
  7 gnolls
  A white imp (D:5)
  3 ribbon worms
  4 dart slugs
  32 orcs
  9 ball pythons
  14 endoplasms
  7 giant cockroaches
  6 hobgoblins
  7 jackals
  A quokka (D:1)
  7 bats
  3 frilled lizards
  7 goblins
  17 kobolds
  10 rats
392 creatures vanquished.

Vanquished Creatures (collateral kills)
  An efreet (Volcano)
  A hornet (D:7)
  A vampire (D:11)
  A wraith (D:9)
  A phantom (D:4)
  A gnoll (D:4)
  A white imp (D:4)
  A dart slug (D:4)
  2 ribbon worms (D:4)
10 creatures vanquished.

Vanquished Creatures (others)
  2 killer bees (D:9)
  An orc (D:4)
  An endoplasm (D:3)
4 creatures vanquished.

Grand Total: 406 creatures vanquished

Notes
Turn   | Place    | Note
-------+----------+-------------------------------------------
     0 | D:1      | cforsyth the Djinni Warper began the quest for the Orb.
     0 | D:1      | cforsyth set off with the following spells memorised:
                  | Blink, Lesser Beckoning, Teleport Other, Manifold Assault,
                  | Vhi's Electric Charge.
     0 | D:1      | Reached XP level 1. HP: 18/18 MP: 0/0
   170 | D:1      | Reached XP level 2. HP: 22/23 MP: 0/0
   867 | D:1      | Reached XP level 3. HP: 29/29 MP: 0/0
   867 | D:1      | Learned a level 1 spell: Kiss of Death
  1104 | D:2      | Reached skill level 3 in Fighting
  1428 | D:2      | Reached XP level 4. HP: 4/17 MP: 0/0
  2190 | D:3      | Found Zenog's Jewellery Emporium.
  2237 | D:3      | Noticed Sigmund
  2242 | D:3      | Killed Sigmund
  2243 | D:3      | Reached skill level 4 in Fighting
  2243 | D:3      | Reached XP level 5. HP: 4/41 MP: 0/0
  2243 | D:3      | Learned a level 2 spell: Call Imp
  2243 | D:3      | Reached XP level 6. HP: 5/47 MP: 0/0
  2961 | D:3      | Noticed Terence
  2967 | D:3      | Killed Terence
  3151 | D:4      | Found a glowing drain.
  3153 | D:4      | Noticed an ogre
  3181 | D:4      | Killed an ogre
  3182 | D:4      | Reached skill level 5 in Fighting
  3182 | D:4      | Reached XP level 7. HP: 10/32 MP: 0/0
  3182 | D:4      | Learned a level 3 spell: Frozen Ramparts
  3270 | Sewer    | Entered a sewer
  3949 | Sewer    | Found a viscous altar of Jiyva.
  4235 | D:4      | Reached skill level 5 in Spellcasting
  4235 | D:4      | Reached skill level 5 in Conjurations
  4235 | D:4      | Reached skill level 5 in Hexes
  4235 | D:4      | Reached skill level 5 in Summonings
  4235 | D:4      | Reached skill level 5 in Necromancy
  4235 | D:4      | Reached skill level 5 in Translocations
  4235 | D:4      | Reached skill level 5 in Fire Magic
  4235 | D:4      | Reached skill level 5 in Ice Magic
  4235 | D:4      | Reached skill level 5 in Air Magic
  4235 | D:4      | Reached skill level 5 in Earth Magic
  4235 | D:4      | Reached skill level 5 in Alchemy
  4668 | D:4      | Reached skill level 6 in Fighting
  4712 | D:4      | Found a white marble altar of Elyvilon.
  4783 | D:4      | Reached XP level 8. HP: 35/56 MP: 0/0
  5062 | D:5      | Entered Level 5 of the Dungeon
  5937 | D:5      | Found an ornate altar of the Wu Jian Council.
  6092 | D:5      | Reached skill level 7 in Fighting
  6431 | D:5      | Found a bloodstained altar of Trog.
  6588 | D:5      | Found a shadowy altar of Dithmenos.
  6590 | D:5      | Found a hide-covered altar of Uskayaw.
  6591 | D:5      | Found a stormy altar of Qazlal.
  6597 | D:5      | Found a blossoming altar of Fedhas.
  6598 | D:5      | Found a sparkling altar of Nemelex Xobeh.
  7077 | D:6      | Found a staircase to the Ecumenical Temple.
  7123 | D:6      | Reached XP level 9. HP: 30/70 MP: 0/0
  7123 | D:6      | Learned a level 3 spell: Ozocubu's Armour
  7431 | D:6      | Reached skill level 8 in Fighting
  8840 | D:7      | Noticed a hornet
  8844 | D:7      | Noticed pokeman's ghost (novice DEHW)
  8970 | D:7      | Reached skill level 9 in Fighting
  9173 | D:7      | Reached XP level 10. HP: 46/79 MP: 0/0
  9317 | D:7      | Found a transporter.
  9317 | D:7      | Found a transporter.
  9509 | D:8      | Noticed a walking crystal tome
  9645 | D:8      | Noticed Amaemon
  9706 | D:8      | Killed Amaemon
  9707 | D:8      | Reached skill level 10 in Fighting
  9716 | D:8      | Noticed an orange demon
  9967 | D:8      | Found Rakivaom's Book Boutique.
  9969 | D:8      | Noticed a walking crystal tome
  9997 | D:8      | Killed an orange demon
 10331 | D:8      | Noticed Erica
 10340 | D:8      | Killed Erica
 10341 | D:8      | Reached skill level 11 in Fighting
 10505 | D:8      | Noticed Maggie
 10519 | D:8      | Killed Maggie
 10999 | D:9      | Found a staircase to the Orcish Mines.
 11089 | D:9      | Reached XP level 11. HP: 22/87 MP: 0/0
 11089 | D:9      | Learned a level 4 spell: Passage of Golubria
 11102 | D:9      | Found a flagged portal.
 11167 | Bailey   | Entered a bailey
 11246 | Bailey   | Noticed an orc knight
 11341 | Bailey   | Identified the +0 leather armour of the Old World {Regen+}
 11963 | Bailey   | Found the +8 orange crystal plate armour {Archmagi, Int+3
                  | Clar}
 12044 | Bailey   | Reached skill level 12 in Fighting
 12190 | Bailey   | Killed an orc knight
 12719 | D:9      | Found Tagickacw's Assorted Antiques.
 12727 | D:9      | Bought a scroll labelled CIOSCH EKEINAER for 32 gold pieces
 12727 | D:9      | Bought a scroll labelled CIOSCH EKEINAER for 32 gold pieces
 13505 | D:10     | Entered Level 10 of the Dungeon
 13511 | D:10     | Found an iron altar of Okawaru.
 13591 | D:10     | Reached skill level 10 in Spellcasting
 13591 | D:10     | Reached skill level 10 in Conjurations
 13591 | D:10     | Reached skill level 10 in Hexes
 13591 | D:10     | Reached skill level 10 in Summonings
 13591 | D:10     | Reached skill level 10 in Necromancy
 13591 | D:10     | Reached skill level 10 in Translocations
 13591 | D:10     | Reached skill level 10 in Fire Magic
 13591 | D:10     | Reached skill level 10 in Ice Magic
 13591 | D:10     | Reached skill level 10 in Air Magic
 13591 | D:10     | Reached skill level 10 in Earth Magic
 13591 | D:10     | Reached skill level 10 in Alchemy
 13755 | D:10     | Found a staircase to the Lair.
 13867 | D:10     | Noticed a two-headed ogre
 13886 | D:10     | Killed a two-headed ogre
 14110 | D:10     | Found a portal to a secret trove of treasure.
 14179 | D:10     | Noticed a two-headed ogre
 14368 | D:10     | Killed a two-headed ogre
 14369 | D:10     | Reached skill level 13 in Fighting
 14521 | D:10     | Found an opulent altar of Gozag.
 14523 | D:10     | Found a hazy altar of Hepliaklqana.
 14753 | D:10     | Identified a scroll of acquirement
 14754 | D:10     | Acquired 914 gold pieces
 14821 | D:11     | Noticed a two-headed ogre
 14845 | D:11     | Killed a two-headed ogre
 14846 | D:11     | Reached XP level 12. HP: 92/98 MP: 0/0
 15120 | Lair:1   | Entered Level 1 of the Lair of Beasts
 15656 | Lair:1   | Noticed Gastronok
 16039 | Lair:1   | Killed Gastronok
 17114 | D:12     | Noticed Josephine
 17350 | D:11     | Reached skill level 14 in Fighting
 17708 | D:11     | You are sucked into a shaft and drop 1 floor!
 17837 | D:9      | Bought the +5 robe of Night {Dark Will+ SInv} for 1920 gold
                  | pieces
 17837 | D:9      | Found the +5 robe of Night {Dark Will+ SInv}
 17883 | Lair:1   | Noticed Harold
 18217 | Lair:1   | Noticed Urug
 18247 | D:10     | HP: 5/100 [Harold/+0 dire flail (23)]
 18248 | D:10     | Killed Harold
 18573 | Lair:1   | Killed Urug
 20464 | Lair:2   | Noticed a catoblepas
 20738 | Lair:2   | Noticed a boulder beetle
 20792 | Lair:3   | Reached XP level 13. HP: 73/106 MP: 0/0
 20792 | Lair:3   | Learned a level 5 spell: Freezing Cloud
 20995 | Lair:3   | Reached skill level 15 in Fighting
 21044 | Lair:3   | Found a staircase to the Snake Pit.
 21257 | Lair:3   | Noticed a seven-headed hydra
 22128 | Lair:2   | Found a staircase to the Shoals.
 22325 | Lair:2   | Killed a catoblepas
 22791 | Lair:3   | Killed a seven-headed hydra
 22846 | Lair:3   | Reached skill level 16 in Fighting
 23468 | Lair:3   | Noticed Sonja
 23471 | Lair:3   | Killed Sonja
 24155 | Lair:4   | Noticed a five-headed hydra
 24160 | Lair:4   | Killed a five-headed hydra
 24184 | Lair:4   | Reached XP level 14. HP: 91/117 MP: 0/0
 24909 | Lair:4   | Reached skill level 17 in Fighting
 25429 | Lair:4   | Found a staircase to the Slime Pits.
 25611 | Lair:4   | Found a hide-covered altar of Uskayaw.
 25615 | Lair:4   | Found an ornate altar of the Wu Jian Council.
 26752 | Lair:5   | Entered Level 5 of the Lair of Beasts
 26774 | Lair:5   | Noticed Nessos
 26791 | Lair:5   | Killed Nessos
 26808 | Lair:5   | Found a dark tunnel.
 26966 | Volcano  | Entered a volcano
 27390 | Volcano  | Slain by an efreet

Illustrated notes

Levels and vault maps discovered:
D:1:      eino_arrival_tree_alley, layout_basic, amethyst_killhole
D:2:      layout_basic
D:3:      layout_loops_corners, serial_shops, shop,
          chequers_serial_rivers_small_3, minmay_misc_feat_rows, uniq_sigmund,
          uniq_terence
D:4:      layout_loops_ring, elyvilon_altar_3, cheibrodos_sewer_entry_bend
D:5:      layout_basic, nzn_wu_jian_contemplation,
          nicolae_overflow_hallway_of_the_gods, minmay_chambers_of_fives
D:6:      layout_gridville, minmay_temple_entry_offerings
D:7:      layout_loops_ring, gammafunk_ghost_hive
D:8:      layout_basic, serial_shops, nicolae_shop_mannequins,
          serial_bayou_crossing, uniq_erica, uniq_amaemon, uniq_maggie
D:9:      minmay_goldmine, layout_rooms, david_orc_3, enter_bailey_5,
          serial_shops, nicolae_shop_overgrown_old_shop, nrook_loot_triangle,
          minmay_hedge_maze, lemuel_flame_loot_1
D:10:     layout_roguey, okawaru_humans, nicolae_overflow_squiral,
          erik_lair_orcish_takeover, enter_trove_2
D:11:     layout_grid_maze, minmay_misc_feat_five
D:12:     layout_rooms, dreamdust_mushroom_princess, uniq_josephine
Lair:1:   layout_cave_pods, nicolae_quartered_pool_medium, grunt_megastairs_4,
          lemuel_fruit_tree, serial_bayou_shore_b, uniq_harold, uniq_gastronok,
          uniq_urug
Lair:2:   layout_chaotic_city, nicolae_shoals_entry_flooding
Lair:3:   layout_small_grid, minmay_snake_entry_six_corridors,
          nicolae_lair_grazing_beasts [nicolae_sub_lair_graze_edge,
          nicolae_sub_lair_graze_edge, nicolae_sub_lair_graze_edge,
          nicolae_sub_lair_graze_edge], infiniplex_staircase_pool_2, uniq_sonja
Lair:4:   layout_loops_ring, slime_entry_1, nzn_masters_of_martial_movement
Lair:5:   evilmike_catoblepas_cave, layout_gridlike, enter_volcano_4,
          lemuel_old_faithful, uniq_nessos
Volcano:  volcano_aerie

Skill      XL: |  1  2  3  4  5  6  7  8  9 10 11 12 13 14 |
---------------+-------------------------------------------+-----
Spellcasting   | 3 4 5 6 7 9 10 11 12 13 | 13.6
Conjurations   | 3 4 5 6 7 9 10 11 12 13 | 13.6
Hexes          | 3 4 5 6 7 9 10 11 12 13 | 13.6
Summonings     | 3 4 5 6 7 9 10 11 12 13 | 13.6
Necromancy     | 3 4 5 6 7 9 10 11 12 13 | 13.6
Translocations | 3 4 5 6 7 9 10 11 12 13 | 13.6
Fire Magic     | 3 4 5 6 7 9 10 11 12 13 | 13.6
Ice Magic      | 3 4 5 6 7 9 10 11 12 13 | 13.6
Air Magic      | 3 4 5 6 7 9 10 11 12 13 | 13.6
Earth Magic    | 3 4 5 6 7 9 10 11 12 13 | 13.6
Alchemy        | 3 4 5 6 7 9 10 11 12 13 | 13.6
Fighting       | 3 4 5 6 7 9 11 13 14 16 17 | 17.5
Long Blades    | |  1.7
Throwing       | |  0.7
Armour         | |  1.0
Dodging        | |  2.1

Action                     |  1- 3 |  4- 6 |  7- 9 | 10-12 | 13-15 || total
---------------------------+-------+-------+-------+-------+-------++-------
  Melee: Falchion          |   105 |   126 |   240 |   291 |   130 ||   892
         Punch             |     2 |     1 |     3 |     3 |     4 ||    13
         Demon trident     |       |       |       |       |    32 ||    32
  Throw: Dart              |       |     2 |       |     2 |       ||     4
   Cast: Kiss of Death     |     4 |     7 |     4 |       |     5 ||    20
         Frozen Ramparts   |       |       |    51 |    71 |    58 ||   180
         Call Imp          |       |       |    13 |    23 |     1 ||    37
         Blink             |       |       |     4 |     4 |       ||     8
         Lesser Beckoning  |       |       |     5 |    11 |     7 ||    23
         Ozocubu's Armour  |       |       |     4 |    33 |    31 ||    68
         Manifold Assault  |       |       |       |     1 |       ||     1
         Passage of Golubr |       |       |       |     2 |    15 ||    17
         Freezing Cloud    |       |       |       |       |    66 ||    66
  Evoke: Wand              |       |     2 |     1 |    15 |     4 ||    22
    Use: Scroll            |       |     3 |       |    20 |     2 ||    25
         Potion            |       |       |     3 |     2 |     3 ||     8
   Stab: Sleeping          |       |     1 |       |       |       ||     1
         Distracted        |       |       |     1 |       |       ||     1
 Armour: Leather armour    |    95 |    73 |   207 |   205 |       ||   580
         Robe              |       |       |       |    83 |   254 ||   337
  Dodge: Dodged            |    81 |    56 |   126 |   186 |   133 ||   582
  Block: Other             |       |    26 |    59 |    82 |    59 ||   226
         Reflection        |       |       |     4 |    10 |       ||    14

Table legend: (Time is in decaauts)
 A = Elapsed time spent in this place.
 B = Non-inter-level travel time spent in this place.
 C = Inter-level travel time spent in this place.
 D = Time resting spent in this place.
 E = Time spent auto-exploring this place.
 F = Levels seen in this place.
 G = Mean time per level.
                   A        B        C        D        E       F      G
               +--------+--------+--------+--------+--------+-----+--------+
         Total |  27659 |  26203 |   1456 |   6203 |  15480 |  20 | 1382.9 |
       Dungeon |  16516 |  15356 |   1160 |   2648 |  10086 |  12 | 1376.3 |
          Lair |   8852 |   8556 |    296 |   2338 |   4950 |   5 | 1770.4 |
         Sewer |    759 |    759 |      0 |    371 |    172 |   1 |  759.0 |
        Bailey |   1105 |   1105 |      0 |    474 |    272 |   1 | 1105.0 |
       Volcano |    426 |    426 |      0 |    372 |      0 |   1 |  426.0 |
               +--------+--------+--------+--------+--------+-----+--------+

Top non-repeatable levels by time:
    D:10: 2592 daAuts
  Lair:4: 2381 daAuts
  Lair:2: 2283 daAuts
  Lair:3: 2067 daAuts
     D:7: 2011 daAuts
  Lair:1: 1903 daAuts
     D:6: 1672 daAuts
     D:9: 1654 daAuts
     D:4: 1421 daAuts
     D:3: 1413 daAuts
     D:8: 1394 daAuts
     D:5: 1348 daAuts
     D:1: 1155 daAuts
  Bailey: 1105 daAuts
    D:11: 958 daAuts
